 Dungeon Crawl Stone Soup version 0.17.1-1-g73c8601 (webtiles) character file.

80 fredomojojo the Grave Robber (level 4, -8/30 HPs)
             Began as a Vampire Necromancer on Dec 22, 2015.
             Mangled by Sigmund
             ... wielding a cursed -1 scythe
              (10 damage)
             ... on level 2 of the Dungeon.
             The game lasted 00:34:08 (1901 turns).

fredomojojo the Grave Robber (Vampire Necromancer)  Turns: 1901, Time: 00:34:08

Health: -8/30      AC:  8    Str:  7    XL:     4   Next: 18%
Magic:  1/7        EV: 13    Int: 18    God:
Gold:   111        SH:  0    Dex: 14    Spells: 2 memorised, 6 levels left

rFire  . . .     SeeInvis +     o - +0 dagger
rCold  . . .     Clarity  .     a - +0 robe
rNeg   + . .     SustAt   .     (no shield)
rPois  +         Gourm    .     (no helmet)
rElec  .         Spirit   .     m - +2 cloak {rPois}
rCorr  .         Warding  .     d - +2 pair of gloves
rMut   .         Stasis   .     (no boots)
MR     .....                    (no amulet)
Stlth  +++.......               (no ring)
                                j - ring of poison resistance

@: very slightly contaminated, not resistant to hostile enchantments, fairly
stealthy
A: fangs 3, see invisible, unbreathing
a: Bat Form


You were on level 2 of the Dungeon.
You were not thirsty.

You visited 1 branch of the dungeon, and saw 2 of its levels.

You collected 111 gold pieces.

Inventory:

Hand Weapons
 e - a +0 whip
 f - a +0 club
 o - a +0 dagger (weapon)
Missiles
 n - 59 stones (quivered)
 q - 11 poisoned sling bullets
Armour
 a - a +0 robe (worn)
 d - a +2 pair of gloves (worn)
 m - a +2 cloak of poison resistance (worn)
Jewellery
 j - a ring of poison resistance (left hand)
Scrolls
 g - a scroll of enchant weapon {unknown}
 i - 3 scrolls of remove curse {unknown}
 l - a scroll of recharging {unknown}
 p - a scroll of magic mapping {unknown}
 r - 2 scrolls of noise {unknown}
Potions
 c - 11 potions of blood
 h - a potion of brilliance
 k - a potion of lignification {unknown}
Books
 b - a book of Necromancy

   Spells                             Type                      Level
   a - Pain                           Necromancy                   1
   b - Animate Skeleton               Necromancy                   1
   c - Vampiric Draining              Necromancy                   3
   d - Regeneration                   Charms/Necromancy            3
   e - Animate Dead                   Necromancy                   4
   f - Control Undead                 Necromancy                   4


   Skills:
 * Level 1.6 Short Blades
 + Level 2.8 Dodging
 * Level 4.0 Stealth
 + Level 2.6 Spellcasting
 + Level 4.8 Necromancy


You had 6 spell levels left.
You knew the following spells:

 Your Spells              Type           Power        Failure   Level  Hunger
a - Pain                  Necr           ###.         1%          1    #......
b - Animate Skeleton      Necr           N/A          1%          1    #......


Dungeon Overview and Level Annotations

Branches:
Dungeon (2/15)

Altars:

Annotations:
D:1 Ijyb
D:2 Sigmund


Innate Abilities, Weirdness & Mutations

You have razor-sharp teeth.
You have supernaturally acute eyesight.
You can survive without breathing.


Message History

Sigmund is almost dead.
Sigmund gestures at you while chanting. The magic dart hits you!
You barely miss Sigmund. You bite Sigmund, but do no damage.
Sigmund is almost dead.
Sigmund misses you.
You bump into the rock wall.
Sigmund gestures at you while chanting. The puff of flame hits you!
You're too confused to cast spells.
Unknown command.
You bump into the rock wall.
Sigmund gestures at you while chanting. The puff of flame hits you!
* * * LOW HITPOINT WARNING * * *
You hit Sigmund.
Sigmund is almost dead.
You feel less confused. Sigmund hits you with a scythe!
You die...

##########################
#.........................
#.#######################. #.#%#
###' #.#.###### #... #.#......#
#... #.#.####.### #...
#...#<..@@.# ###'
###############...##############.
..............'..................
###############...##############.
###(.......#.......
#(######.#.###.#.
#################.# #.#.#...#.
..................# #.#.#.#.#.
..................## #.#.#.###.


You could see Sigmund.

Vanquished Creatures
  Natasha (D:2)
  2 adders (D:2)
  3 giant geckos
  A giant cockroach (D:1)
  5 goblins
  5 hobgoblins
  3 jackals (D:2)
  5 kobolds
  A quokka (D:2)
  2 bats (D:2)
  5 rats
33 creatures vanquished.

Vanquished Creatures (collateral kills)
  A giant gecko (D:2)
  A rat (D:1)
2 creatures vanquished.

Grand Total: 35 creatures vanquished

Notes
Turn   | Place    | Note
--------------------------------------------------------------
     0 | D:1      | fredomojojo the Vampire Necromancer began the quest for the Orb.
     0 | D:1      | Reached XP level 1. HP: 13/13 MP: 3/3
    32 | D:1      | Learned a level 1 spell: Animate Skeleton
   355 | D:1      | Reached XP level 2. HP: 13/19 MP: 1/5
   673 | D:2      | Noticed Sigmund
  1048 | D:2      | Noticed Ijyb
  1120 | D:2      | Noticed Natasha
  1126 | D:2      | Killed Natasha
  1126 | D:2      | Reached XP level 3. HP: 3/24 MP: 3/6
  1394 | D:2      | Reached skill level 1 in Short Blades
  1715 | D:2      | Reached XP level 4. HP: 23/30 MP: 3/7
  1901 | D:2      | Mangled by Sigmund

Action                   |  1- 3 |  4- 6 || total
-------------------------+-------+-------++-------
Melee: Unarmed           |     6 |       ||     6
       Dagger            |    55 |    11 ||    66
Throw: Stone             |     3 |     2 ||     5
 Cast: Pain              |    40 |    10 ||    50
       Animate Skeleton  |     3 |     1 ||     4
  Use: Potion            |     4 |       ||     4
 Stab: Sleeping          |     6 |     1 ||     7
